 Dungeon Crawl Stone Soup version 0.23-a0-417-gf02c810 (webtiles) character file.

494471 rabbit the Warrior (level 25, -5/213 HPs)
             Began as a Gnoll Wizard on Nov 1, 2018.
             Was the Champion of Okawaru.
             Slain by a deep elf blademaster
             ... wielding a +0 short sword
             ... created by the fury of Okawaru
              (20 damage)
             ... on level 4 of the Vaults on Nov 10, 2018.
             The game lasted 11:33:37 (131010 turns).

rabbit the Warrior (Gnoll Wizard)                 Turns: 131010, Time: 11:33:39

Health: -5/213     AC: 23    Str: 12    XL:     25   Next: 10%
Magic:  28/44      EV: 18    Int: 37    God:    Okawaru [******]
Gold:   2237       SH: 28    Dex: 13    Spells: 2/58 levels left

rFire    + + .     SeeInvis +   a - +6 demon trident (venom)
rCold    + + +     Gourm    .   W - +0 large shield of Gykkoe {Str+6}
rNeg     + . .     Faith    .   v - +5 ring mail of Lethargy {MR+ Int+2 Slay+2}
rPois    +         Spirit   .   (helmet restricted)
rElec    .         Reflect  +   R - +1 cloak "Tojiyll" {*Corrode Int+3 Slay+5 SInv}
rCorr    .         Harm     .   n - +2 pair of gloves {archery}
MR       +++..                  P - +2 pair of boots {run}
Stlth    ++++++....             t - +6 amulet of reflection
HPRegen  0.45/turn              Z - ring "Mesmown" {rPois rN+ Slay+2 SInv}
MPRegen  0.29/turn              m - ring of Youthful Indiscretion {rF++ rC+++ MR+ Str-3 Dex-2}

@: about to teleport, studying Fighting, quick
A: distributed training, fangs 1, horns 1, large bone plates 1, deterioration 1,
sturdy frame 1, strong nose
}: 2/15 runes: barnacled, gossamer
a: Heroism, Finesse, Renounce Religion


You were on level 4 of the Vaults.
You worshipped Okawaru.
Okawaru was exalted by your worship.
You were not hungry.

You visited 8 branches of the dungeon, and saw 44 of its levels.
You visited the Abyss 1 time.
You also visited: Ossuary, Bailey and Ice Cave.

You collected 6257 gold pieces.
You spent 4020 gold pieces at shops.

Inventory:

Hand Weapons
 a - a +6 demon trident of venom (weapon)
 b - a +9 fustibalus of freezing
 y - a +3 quick blade of venom
 A - a +4 demon whip of freezing
Missiles
 c - 726 stones (quivered)
 o - 258 sling bullets
Armour
 n - a +2 pair of gloves of archery (worn)
 v - the +5 ring mail of Lethargy (worn) {MR+ Int+2 Slay+2}
   (Okawaru gifted it to you on level 3 of the Lair of Beasts)

   It affects your intelligence (+2).
   It affects your accuracy and damage with ranged weapons and melee attacks
   (+2).
   It affects your resistance to hostile enchantments.
 P - a +2 pair of boots of running (worn)
 R - the +1 cloak "Tojiyll" (worn) {*Corrode Int+3 Slay+5 SInv}
   (Okawaru gifted it to you on level 4 of the Vaults)

   It affects your intelligence (+3).
   It affects your accuracy and damage with ranged weapons and melee attacks
   (+5).
   It lets you see invisible.
   It may corrode you when you take damage.
 S - the +0 helmet "Synly" {rF+++ rCorr Dex-2}
   (Okawaru gifted it to you on level 1 of the Elven Halls)

   It affects your dexterity (-2).
   It renders you almost immune to fire.
   It provides partial protection from all sources of acid and corrosion.
 W - the +0 large shield of Gykkoe (worn) {Str+6}
   (Okawaru gifted it to you on level 1 of the Lair of Beasts)

   It affects your strength (+6).
Jewellery
 m - the ring of Youthful Indiscretion (right hand) {rF++ rC+++ MR+ Str-3 Dex-2}
   (You took it off a yaktaur captain on level 4 of the Depths)

   [ring of protection from magic]

   It affects your strength (-3).
   It affects your dexterity (-2).
   It greatly protects you from fire.
   It renders you almost immune to cold.
   It affects your resistance to hostile enchantments.
 t - a +6 amulet of reflection (around neck)
 B - the amulet of Generosity {Harm *Drain rF- MR++ MP+9 Int+2}
   (You found it on level 11 of the Dungeon)

   [amulet of harm]

   It increases damage dealt and taken.
   It affects your intelligence (+2).
   It makes you vulnerable to fire.
   It affects your resistance to hostile enchantments.
   It affects your magic capacity (+9).
   It causes draining when unequipped.
 E - the amulet "Nailim" {*Slow +Rage MR+ Dex+2}
   (You took it off a deep elf mage on level 3 of the Elven Halls)

   [amulet of rage]

   It affects your dexterity (+2).
   It affects your resistance to hostile enchantments.
   It lets you go berserk.
   It may slow you when you take damage.
 T - the ring of Olul {rPois rF- MR+ Str+2 SInv}
   (You found it on level 6 of the Lair of Beasts)

   [ring of strength]

   It affects your strength (+2).
   It makes you vulnerable to fire.
   It protects you from poison.
   It affects your resistance to hostile enchantments.
   It lets you see invisible.
 Z - the ring "Mesmown" (left hand) {rPois rN+ Slay+2 SInv}
   (You bought it in a shop on level 5 of the Depths)

   [ring of see invisible]

   It affects your accuracy and damage with ranged weapons and melee attacks
   (+2).
   It protects you from poison.
   It protects you from negative energy.
   It lets you see invisible.
Wands
 e - a wand of flame (12)
 s - a wand of disintegration (42)
 w - a wand of iceblast (23)
 F - a wand of scattershot (11)
 G - a wand of paralysis (33)
 I - a wand of digging (4)
 O - a wand of acid (33)
Scrolls
 h - a scroll of immolation
 k - 5 scrolls of fog
 l - a scroll of amnesia
 x - 7 scrolls of teleportation
 z - 19 scrolls of remove curse
 D - 3 scrolls of silence
 K - 6 scrolls of fear
 N - 19 scrolls of identify
 U - 6 scrolls of blinking
 X - 7 scrolls of magic mapping
Potions
 f - 19 potions of curing
 g - 4 potions of haste
 i - 12 potions of heal wounds
 C - a potion of invisibility
 H - 2 potions of agility
 J - 5 potions of flight
 L - 3 potions of cancellation
 V - 8 potions of might
 Y - 4 potions of magic
Books
 M - a manual of Fighting
Miscellaneous
 Q - a phial of floods
Comestibles
 d - 34 rations
 j - 7 chunks of flesh


   Skills:
 + Level 20.9 Fighting
 + Level 15.8 Short Blades
 + Level 15.8 Long Blades
 + Level 15.8 Axes
 + Level 15.8 Maces & Flails
 + Level 15.8 Polearms
 + Level 15.8 Staves
 + Level 15.8 Slings
 + Level 15.8 Bows
 + Level 15.8 Crossbows
 + Level 15.8 Throwing
 + Level 15.8 Armour
 + Level 16.3 Dodging
 + Level 16.3 Stealth
 + Level 15.8 Shields
 + Level 15.8 Unarmed Combat
 + Level 17.0 Spellcasting
 + Level 13.8 Conjurations
 + Level 13.6 Hexes
 + Level 13.6 Charms
 + Level 13.8 Summonings
 + Level 13.6 Necromancy
 + Level 13.8 Translocations
 + Level 13.6 Transmutations
 + Level 13.6 Fire Magic
 + Level 13.6 Ice Magic
 + Level 13.6 Air Magic
 + Level 13.6 Earth Magic
 + Level 13.6 Poison Magic
 + Level 17.1 Invocations
 + Level 15.8 Evocations


You had 2 spell levels left.
You knew the following spells:

 Your Spells              Type           Power        Failure   Level  Hunger
a - Borgnjor's Vile Clut  Necr/Erth      #######...   1%          5    None
b - Blink                 Tloc           N/A          1%          2    None
c - Conjure Flame         Conj/Fire      #######.     1%          3    None
d - Mephitic Cloud        Conj/Pois/Air  #######.     1%          3    None
e - Confuse               Hex            #######.     1%          3    None
f - Tukima's Dance        Hex            #######.     1%          3    None
g - Iskenderun's Mystic   Conj           #######.     1%          4    None
h - Alistair's Intoxicat  Tmut/Pois      #######.     1%          5    None
i - Summon Ice Beast      Ice/Summ       #######.     1%          4    None
j - Summon Lightning Spi  Summ/Air       #######.     1%          4    None
k - Portal Projectile     Hex/Tloc       ######       1%          3    None
l - Summon Mana Viper     Hex/Summ       #######.     1%          5    None
m - Invisibility          Hex            #######.     2%          6    None
n - Death Channel         Necr           #######...   2%          6    None

Your spell library contained the following spells:

 Spells                   Type           Power        Failure   Level  Hunger
 Animate Skeleton         Necr           N/A          0%          1    None
 Apportation              Tloc           ######       0%          1    None
 Beastly Appendage        Tmut           ######       0%          1    None
 Confusing Touch          Hex            ######       0%          1    None
 Corona                   Hex            #######      0%          1    None
 Flame Tongue             Conj/Fire      #####        0%          1    None
 Freeze                   Ice            ####         0%          1    None
 Magic Dart               Conj           ####         0%          1    None
 Pain                     Necr           ####         0%          1    None
 Summon Butterflies       Summ           #######.     0%          1    None
 Summon Small Mammal      Summ           ####         0%          1    None
 Call Imp                 Summ           #######.     1%          2    None
 Corpse Rot               Necr           N/A          1%          2    None
 Ensorcelled Hibernation  Hex/Ice        ######       1%          2    None
 Passwall                 Tmut/Erth      #######.     1%          2    None
 Poisonous Vapours        Pois/Air       ######       1%          2    None
 Searing Ray              Conj           ######       1%          2    None
 Slow                     Hex            #######.     1%          2    None
 Sticks to Snakes         Tmut           #######.     1%          2    None
 Throw Flame              Conj/Fire      ######       1%          2    None
 Throw Frost              Conj/Ice       ######       1%          2    None
 Dazzling Spray           Conj/Hex       ######       1%          3    None
 Gell's Gravitas          Tloc           #######...   1%          3    None
 Ignite Poison            Fire/Tmut/Pois #######.     1%          3    None
 Inner Flame              Hex/Fire       #######.     1%          3    None
 Lesser Beckoning         Tloc           #######...   1%          3    None
 Ozocubu's Armour         Chrm/Ice       #######.     1%          3    None
 Recall                   Summ/Tloc      N/A          1%          3    None
 Regeneration             Chrm/Necr      #######...   1%          3    None
 Spider Form              Tmut/Pois      #######...   1%          3    None
 Static Discharge         Conj/Air       #######.     1%          3    None
 Stone Arrow              Conj/Erth      ######       1%          3    None
 Vampiric Draining        Necr           #######...   1%          3    None
 Animate Dead             Necr           N/A          1%          4    None
 Cause Fear               Hex            #######...   1%          4    None
 Force Lance              Conj/Tloc      #######.     1%          4    None
 Fulminant Prism          Conj/Hex       #######...   1%          4    None
 Ice Form                 Ice/Tmut       #######.     1%          4    None
 Leda's Liquefaction      Hex/Erth       #######...   1%          4    None
 Passage of Golubria      Tloc           N/A          1%          4    None
 Petrify                  Tmut/Erth      #######.     1%          4    None
 Throw Icicle             Conj/Ice       #######.     1%          4    None
 Aura of Abjuration       Summ           #######...   1%          5    None
 Blade Hands              Tmut           #######...   1%          5    None
 Bolt of Draining         Conj/Necr      #######...   1%          5    None
 Irradiate                Conj/Tmut      #######...   1%          5    None
 Lightning Bolt           Conj/Air       #######...   1%          5    None
 Metabolic Englaciation   Hex/Ice        #######...   1%          5    None
 Silence                  Hex/Air        #######...   1%          5    None
 Summon Demon             Summ           #######...   1%          5    None
 Summon Forest            Summ/Tloc      #######...   1%          5    None
 Yara's Violent Unravell  Hex/Tmut       #######...   1%          5    None
 Bolt of Fire             Conj/Fire      #######...   2%          6    None
 Conjure Ball Lightning   Conj/Air       #######...   2%          6    None
 Deflect Missiles         Chrm/Air       #######...   2%          6    None
 Freezing Cloud           Conj/Ice/Air   #######...   2%          6    None
 Hydra Form               Tmut           #######...   2%          6    None
 Shadow Creatures         Summ           N/A          2%          6    None
 Simulacrum               Ice/Necr       #######...   2%          6    None
 Statue Form              Tmut/Erth      #######..    2%          6    None
 Summon Hydra             Summ           #######...   13%         7    ###....
 Dragon Form              Tmut           #######...   14%         7    ###....
 Ring of Flames           Chrm/Fire      #######...   14%         7    ###....
 Ignition                 Fire           #######...   71%         8    #####..
 Dragon's Call            Summ           #######...   100%        9    ######.
 Shatter                  Erth           #######...   100%        9    ######.
 Tornado                  Air            #######...   100%        9    ######.


Dungeon Overview and Level Annotations

Branches:
Dungeon (15/15)            Temple (0/1) D:6            Lair (6/6) D:9
 Shoals (4/4) Lair:4       Spider (4/4) Lair:4        Slime (0/5) Lair:6
    Orc (2/2) D:12            Elf (3/3) Orc:2        Vaults (5/5) D:14
  Crypt (0/3) Vaults:2     Depths (5/5) D:15            Zot (0/5) Depths:5

Altars:
Cheibriados
Elyvilon
Fedhas
Gozag
Hepliaklqana
Kikubaaqudgha
Nemelex Xobeh
Okawaru
Ru
Trog
Uskayaw
Wu Jian
Yredelemnul
Zin
Beogh

Shops:
D:4 (   D:8 }   D:9 *   Orc:2 %(?(   Elf:3 *   Shoals:1 !   Vaults:1 ?
Vaults:3 *   Depths:1 ?   Depths:4 }   Depths:5 }=}

Portals:
Hell: Depths:1 Depths:2 Depths:3 Depths:4 Depths:5
Abyss: Depths:2 Depths:4
Pandemonium: Depths:3
Ziggurat: Depths:2

Annotations:
D:14 exclusion: orange crystal statue
Vaults:3 !war gargoyle, Vapoch's ghost, adept MiFi
Depths:2 shining eye


Innate Abilities, Weirdness & Mutations

Your experience applies equally to all skills.
You have very sharp teeth.
Your uncanny sense of smell can sniff out nearby items.
You have a pair of small horns on your head.
You are partially covered in large bone plates. (SH +4)
Your body sometimes deteriorates upon taking damage.
Your movements are slightly less encumbered by armour. (ER -2)


Message History

The large rock hits the stone giant but does no damage.
The large rock disappears in a puff of smoke!
The deep elf blademaster misses you.
The deep elf blademaster hits you but does no damage.
Your mana viper closely misses the deep elf blademaster.
The stone giant throws a large rock.
The large rock barely misses your mana viper.
The large rock hits you!!
* * * LOW HITPOINT WARNING * * *
The large rock disappears in a puff of smoke!
Things that are here:
a +0 shield; a +0 plate armour; a +0 long sword You block the deep elf blademaster's attack. x2
There is an open door here.
As you read the scroll of teleportation, it crumbles to dust.
You feel strangely unstable.
Your mana viper completely misses the deep elf blademaster.
Your mana viper bites the deep elf blademaster!
The deep elf blademaster hits you with a +0 short sword!!
You die...

.....#......'......# #.C..C
.....#...)..######'##########[#..
.....#......#.......#......'[.##.
######.....)#.......#...[..'...#.
#.....[[.......#[...C.#...#.
#......#(....[C'C.[.C.######
########....S..#......# #########
#....eS.#......#
........########@####.....[#
........#...........######'####
........'...........# #.(....#
'########...........# #...(..#
...# #...........# #......# ...#
#...........# #......# ...#
#...........# #..))..# ####
#...........# #......# #
#...>.......# #......#


You could see a titan, a deep elf blademaster, a stone giant and 2 friendly mana
vipers.

Vanquished Creatures
  A juggernaut (Depths:3)
  Boris (Vaults:4)
  A tentacled monstrosity (Depths:3)
  2 liches
  A deep elf blademaster (Elf:2)
  2 quicksilver dragons
  Frances (Spider:1)
  2 sphinxes (Depths:5)
  2 storm dragons (Depths:5)
  The ghost of Titaaram the Lord of Darkness, an adept DrNe of Kikubaaqudgha (Shoals:1)
  2 shadow dragons (Depths:4)
  3 tengu reavers
  Ilsuiw (Shoals:4)
  10 fire giants
  A fire giant (shapeshifter) (Vaults:1)
  5 frost giants
  7 vault wardens
  An iron dragon (Depths:4)
  2 emperor scorpions (Spider:4)
  7 deep elf sorcerers
  16 ironheart preservers
  A deep elf elementalist (Elf:3)
  A draconian shifter (Depths:5)
  2 ghost moths (Spider:4)
  A war gargoyle (Vaults:3)
  6 entropy weavers
  3 spriggan defenders (Depths:4)
  2 vampire knights
  8 very ugly things
  5 deep elf demonologists
  19 stone giants
  The ghost of pidr the Nimble, a journeyman BaAr of Nemelex Xobeh (Lair:2)
  A black draconian (Depths:5)
  A white draconian (Depths:5)
  6 spark wasps
  A purple draconian (Depths:5)
  7 deep elf annihilators
  3 merfolk javelineers (Shoals:4)
  10 ettins
  6 merfolk impalers
  6 deep elf death magi
  4 deep elf high priests
  18 yaktaur captains
  15 fire dragons
  6 great orbs of eyes
  Fannar (Lair:2)
  28 vault guards
  3 rakshasas
  8 ice dragons
  13 hydras
  27 two-headed ogres
  Erica (D:11)
  4 merfolk avatars
  5 spriggan air magi
  10 ogre magi
  2 alligator snapping turtles (Shoals:4)
  6 centaur warriors
  12 deep troll earth magi
  A satyr (Shoals:4)
  23 dancing weapons
  5 merfolk aquamancers
  A two-headed ogre (shapeshifter) (Elf:1)
  5 deep troll shamans
  9 death yaks
  4 tengu warriors
  A queen ant (Lair:3)
  5 spriggan berserkers
  3 vampire magi
  A hell knight (Depths:2)
  20 deep elf knights
  A storm dragon zombie (D:15)
  2 iron trolls (Depths:5)
  8 sea snakes
  A flayed ghost (Depths:3)
  A glowing orange brain (Depths:3)
  A salamander mystic (Depths:3)
  7 unseen horrors
  A sea snake (shapeshifter) (Vaults:4)
  5 skeletal warriors
  5 wizards
  The ghost of Garbasso the Ruffian, a novice TrHu of Okawaru (D:6)
  10 ironbrand convokers
  13 deep elf archers
  15 orb spiders
  An obsidian statue (Vaults:3)
  6 orc knights
  20 deep trolls
  4 necromancers
  An iron dragon zombie (Depths:4)
  64 deep elf magi
  4 orc sorcerers
  A shining eye (shapeshifter) (Depths:1)
  An oklob plant (Shoals:4)
  Pikel (D:6)
  10 fauns
  6 cyclopes
  14 harpies
  27 wolf spiders
  A faun (shapeshifter) (Vaults:4)
  2 salamanders (Depths:3)
  15 manticores
  A stone giant zombie (D:15)
  17 elephants
  26 ugly things
  6 black mambas
  A manticore (shapeshifter) (Elf:2)
  3 moths of wrath
  10 merfolk sirens
  A torpor snail (Spider:3)
  10 water nymphs
  2 ice statues (IceCv)
  10 vault sentinels
  11 spiny frogs
  3 spectral swamp worms (Depths:5)
  A rime drake (shapeshifter) (Vaults:3)
  38 yaktaurs
  4 freezing wraiths
  7 komodo dragons
  6 ice devils (IceCv)
  A spriggan skeleton (D:15)
  An entropy weaver simulacrum (Vaults:2)
  11 demonic crawlers
  A queen bee (Lair:3)
  28 jumping spiders
  4 meliai
  19 merfolk
  6 wind drakes
  A meliai (shapeshifter) (Vaults:3)
  A jumping spider (shapeshifter) (Vaults:2)
  11 trolls
  6 blink frogs (Lair:6)
  12 hornets
  A polar bear (Lair:4)
  5 hippogriffs
  26 slime creatures
  2 dream sheep (Lair:3)
  11 snapping turtles
  5 air elementals
  7 spriggans
  Sigmund (D:3)
  72 redbacks
  29 tarantellas
  2 wraiths
  35 water elementals
  4 wyverns
  6 fire elementals
  68 yaks
  A human (shapeshifter) (Vaults:2)
  3 basilisks
  A basilisk (shapeshifter) (Vaults:1)
  A yak (shapeshifter) (Vaults:2)
  17 humans (D:14)
  3 hungry ghosts
  6 vampire mosquitoes
  8 wargs
  A steam dragon (D:9)
  A large abomination (Depths:4)
  2 acid dragons
  5 soldier ants (Lair:3)
  8 water moccasins
  An acid dragon (shapeshifter) (Vaults:3)
  2 hell hounds
  2 porcupines
  A water moccasin (shapeshifter) (Depths:5)
  2 floating eyes (Depths:5)
  21 orc warriors
  3 sky beasts
  2 black bears
  4 slaves (D:6)
  2 necrophages (D:10)
  A black bear (shapeshifter) (Vaults:4)
  An eye of draining (shapeshifter) (D:13)
  2 ice beasts
  2 phantoms
  8 boggarts
  29 ogres
  12 wolves
  14 centaurs
  A centaur (shapeshifter) (Elf:2)
  8 crocodiles
  An elf zombie (Ossuary)
  4 big kobolds
  20 bullfrogs
  5 earth elementals (Elf:2)
  2 scorpions
  53 killer bees
  3 wights (D:9)
  6 howler monkeys
  2 electric eels
  12 crimson imps
  2 bullfrog zombies
  2 lava snakes (D:14)
  3 quasits
  A centaur zombie (D:11)
  4 hounds
  6 centaur skeletons
  19 orc priests
  5 jellies
  Crazy Yiuf (D:4)
  7 iguanas
  2 iron imps
  Jessica (D:3)
  3 bullfrog skeletons
  Terence (D:3)
  42 worker ants
  Natasha (thrice) (D:3)
  26 orc wizards
  6 small abominations (Depths:4)
  4 hound zombies
  4 mummies (Ossuary)
  A hound skeleton (D:4)
  A howler monkey zombie (D:7)
  3 worker ant zombies
  4 gnolls (Bailey)
  14 adders
  2 river rats (D:9)
  6 shadow imps
  9 white imps (IceCv)
  7 ufetubi (IceCv)
  4 oozes
  An ooze (shapeshifter) (Depths:2)
  3 adder zombies
  An adder skeleton (D:8)
  A worm (D:2)
  2 dart slugs
  5 leopard geckos
  81 orcs
  6 bats
  4 giant cockroaches
  9 goblins
  11 hobgoblins
  9 jackals
  45 kobolds
  11 quokkas
  5 frilled lizards
  A giant cockroach zombie (D:6)
  2 goblin zombies (Ossuary)
  3 jackal zombies (Ossuary)
  A kobold zombie (Ossuary)
  A leopard gecko skeleton (D:8)
  A quokka skeleton (D:7)
  2 quokka zombies
  17 rats
  A rat zombie (Ossuary)
  2 crawling corpses (Elf:3)
  A plant (Shoals:2)
1884 creatures vanquished.

Vanquished Creatures (collateral kills)
  A golden dragon (Depths:3)
  Arachne (Spider:2)
  A tentacled monstrosity (Depths:2)
  2 liches
  2 sphinxes
  A shadow dragon (Depths:5)
  4 fire giants
  4 deep elf sorcerers (Elf:3)
  A frost giant (Vaults:4)
  3 emperor scorpions
  3 vault wardens
  A deep elf elementalist (Elf:3)
  4 ironheart preservers
  A spriggan defender (Depths:4)
  11 very ugly things
  A green draconian (Depths:5)
  A yellow draconian (Depths:5)
  9 stone giants
  3 entropy weavers
  Azrael (Spider:1)
  A red draconian (Depths:5)
  2 deep elf demonologists (Elf:3)
  2 white draconians (Depths:5)
  2 deep elf death magi (Vaults:2)
  2 spark wasps
  5 fire dragons
  An ettin (Orc:1)
  Josephine (Spider:1)
  3 great orbs of eyes (Depths:1)
  A yaktaur captain (Depths:3)
  5 vault guards
  2 hydras (Lair:6)
  2 rakshasas
  2 ice dragons
  3 catoblepae (Lair:6)
  3 two-headed ogres
  5 spriggan air magi
  A two-headed ogre (shapeshifter) (Depths:1)
  An ogre mage (Vaults:1)
  2 dancing weapons
  5 death yaks
  A tengu warrior (Depths:4)
  A centaur warrior (D:13)
  2 spriggan berserkers (Depths:2)
  5 deep troll earth magi
  3 orc high priests (Orc:2)
  4 deep elf knights
  3 skeletal warriors (Vaults:2)
  2 large abominations (Depths:4)
  An iron troll (Depths:3)
  2 unseen horrors (Depths:4)
  15 deep trolls
  2 glowing orange brains (Depths:1)
  2 wizards (Depths:2)
  2 deep elf archers
  9 orc knights
  3 ironbrand convokers
  A sphinx zombie (Depths:4)
  4 wolf spiders
  11 deep elf magi
  28 ugly things
  A salamander (Depths:3)
  5 orc sorcerers
  2 cyclopes
  2 manticores (Lair:6)
  An iron dragon zombie (Depths:4)
  2 black mambas (shapeshifter)
  A black mamba (Lair:6)
  A spiny frog (Lair:6)
  4 vault sentinels
  2 spectral swamp worms (Depths:5)
  An efreet (D:13)
  A rime drake (Lair:6)
  13 yaktaurs
  2 meliai (Spider:2)
  A jumping spider (Spider:1)
  A troll (D:13)
  3 hornets
  An ettin zombie (D:15)
  9 slime creatures
  A sphinx simulacrum (Depths:4)
  9 dream sheep
  A hippogriff (Lair:6)
  15 redbacks
  A tarantella (shapeshifter) (D:13)
  5 tarantellas
  2 wraiths (Spider:1)
  4 humans
  6 yaks
  A basilisk (Lair:6)
  6 water elementals
  A vampire mosquito (D:15)
  2 small abominations (Depths:4)
  14 orc warriors
  A wolf (Lair:6)
  7 ogres
  3 boggarts
  A lava snake (D:14)
  5 quasits (D:6)
  6 orc priests
  5 orc wizards
  A shadow imp (D:3)
  14 orcs
  A plant (Lair:6)
372 creatures vanquished.

Vanquished Creatures (others)
  A deep elf master archer (Elf:3)
  A vault warden (Vaults:4)
  A reaper (IceCv)
  2 stone giants (Vaults:4)
  4 yaktaur captains
  A deep elf high priest (Elf:3)
  2 centaur warriors
  A deep elf knight (Elf:2)
  5 deep elf archers
  An ironbrand convoker (Vaults:3)
  2 orc knights
  A faun (Shoals:2)
  A vault sentinel (Vaults:2)
  18 yaktaurs
  2 merfolk
  A jumping spider (Spider:1)
  4 dancing weapons
  An orc warrior (Orc:1)
  9 centaurs
  3 white imps (IceCv)
  3 ufetubi (IceCv)
  5 bushes (Lair:6)
  22 fungi
  26 plants
  8 tentacles (Shoals:4)
  8 withered plants (D:15)
133 creatures vanquished.

Grand Total: 2389 creatures vanquished

Notes
Turn   | Place    | Note
-------+----------+-------------------------------------------
     0 | D:1      | rabbit the Gnoll Wizard began the quest for the Orb.
     0 | D:1      | Reached XP level 1. HP: 13/13 MP: 8/8
   177 | D:1      | Reached XP level 2. HP: 19/19 MP: 7/10
   538 | D:1      | Learned a level 2 spell: Blink
   923 | D:2      | Reached XP level 3. HP: 25/25 MP: 6/11
  1258 | D:1      | Learned a level 3 spell: Conjure Flame
  1262 | D:1      | Learned a level 3 spell: Mephitic Cloud
  1305 | D:2      | Reached skill level 1 in Fighting
  1305 | D:2      | Reached skill level 1 in Short Blades
  1305 | D:2      | Reached skill level 1 in Long Blades
  1305 | D:2      | Reached skill level 1 in Axes
  1305 | D:2      | Reached skill level 1 in Maces & Flails
  1305 | D:2      | Reached skill level 1 in Polearms
  1305 | D:2      | Reached skill level 1 in Staves
  1305 | D:2      | Reached skill level 1 in Slings
  1305 | D:2      | Reached skill level 1 in Bows
  1305 | D:2      | Reached skill level 1 in Crossbows
  1305 | D:2      | Reached skill level 1 in Throwing
  1305 | D:2      | Reached skill level 1 in Armour
  1305 | D:2      | Reached skill level 1 in Shields
  1305 | D:2      | Reached skill level 1 in Unarmed Combat
  1305 | D:2      | Reached skill level 1 in Invocations
  1305 | D:2      | Reached skill level 1 in Evocations
  1305 | D:2      | Reached XP level 4. HP: 29/32 MP: 3/13
  1539 | D:1      | Reached skill level 1 in Hexes
  1539 | D:1      | Reached skill level 1 in Charms
  1539 | D:1      | Reached skill level 1 in Necromancy
  1539 | D:1      | Reached skill level 1 in Transmutations
  1539 | D:1      | Reached skill level 1 in Fire Magic
  1539 | D:1      | Reached skill level 1 in Ice Magic
  1539 | D:1      | Reached skill level 1 in Air Magic
  1539 | D:1      | Reached skill level 1 in Earth Magic
  1539 | D:1      | Reached skill level 1 in Poison Magic
  1689 | D:2      | Reached XP level 5. HP: 25/37 MP: 10/14
  1893 | D:2      | Found a bloodstained altar of Trog.
  1898 | D:2      | Found a basalt altar of Yredelemnul.
  1898 | D:2      | Found a sacrificial altar of Ru.
  1900 | D:2      | Found a hazy altar of Hepliaklqana.
  1902 | D:2      | Found a white marble altar of Elyvilon.
  1902 | D:2      | Found a glowing silver altar of Zin.
  1903 | D:2      | Found an iron altar of Okawaru.
  2154 | D:2      | Became a worshipper of Warmaster Okawaru
  2419 | D:3      | Reached XP level 6. HP: 32/44 MP: 4/16
  2577 | D:3      | Noticed Jessica
  2585 | D:3      | Killed Jessica
  2698 | D:3      | Noticed Natasha
  2698 | D:3      | Reached skill level 5 in Dodging
  2711 | D:3      | Killed Natasha
  2711 | D:3      | Reached * piety under Okawaru
  2711 | D:3      | Reached skill level 2 in Fighting
  3003 | D:3      | Noticed Sigmund
  3037 | D:3      | Noticed Terence
  3037 | D:3      | Noticed Natasha
  3048 | D:3      | Killed Natasha
  3052 | D:3      | Killed Terence
  3182 | D:3      | Found a transporter.
  3203 | D:3      | Found a transporter.
  3294 | D:3      | Noticed Natasha
  3302 | D:3      | Killed Natasha
  3302 | D:3      | Reached XP level 7. HP: 45/50 MP: 9/18
  3484 | D:3      | Killed Sigmund
  3721 | D:4      | Found Susho's Weapon Shoppe.
  3843 | D:4      | Learned a level 3 spell: Confuse
  3847 | D:4      | Learned a level 3 spell: Tukima's Dance
  4251 | D:4      | Found a bloodstained altar of Trog.
  4264 | D:4      | Reached skill level 5 in Stealth
  4532 | D:4      | Found a runed door.
  4536 | D:4      | Noticed Crazy Yiuf
  4549 | D:4      | Killed Crazy Yiuf
  4827 | D:5      | Entered Level 5 of the Dungeon
  5028 | D:5      | Reached XP level 8. HP: 40/57 MP: 3/19
  5287 | D:5      | Found a sparkling altar of Nemelex Xobeh.
  5294 | D:5      | Got a scorched hand crossbow
  5295 | D:5      | Identified the +4 hand crossbow of Instant Death {elec,
                  | Fragile rN+ Dex+6} (You found it on level 5 of the Dungeon)
  5444 | D:5      | Reached skill level 3 in Fighting
  5889 | D:5      | Reached ** piety under Okawaru
  6037 | D:5      | Found an ancient bone altar of Kikubaaqudgha.
  6565 | D:6      | Noticed Pikel
  6665 | D:6      | Found a transporter.
  6795 | D:6      | Noticed Garbasso's ghost (novice TrHu)
  6797 | D:6      | Found a transporter.
  6804 | D:6      | Got a bronze leather armour
  6805 | D:6      | Identified the +1 leather armour "Tinayrch" {rElec Regen+
                  | rCorr} (You found it on level 6 of the Dungeon)
  6949 | D:6      | Killed Pikel
  6949 | D:6      | Reached *** piety under Okawaru
  6949 | D:6      | Reached XP level 9. HP: 65/65 MP: 21/21
  7189 | D:6      | Found a staircase to the Ecumenical Temple.
  7401 | D:6      | Got a polished falchion
  7733 | D:7      | Reached skill level 4 in Fighting
  7805 | D:7      | Received a gift from Okawaru
  7842 | D:7      | Identified the +5 falchion of Resourcefulness {flame,
                  | Str+2} (You found it on level 6 of the Dungeon)
  7999 | D:7      | Found a sand-covered staircase.
  8003 | Ossuary  | Entered an ossuary
  8153 | Ossuary  | Received a gift from Okawaru
  8475 | D:7      | Reached skill level 5 in Invocations
  8481 | D:7      | Reached skill level 5 in Fighting
  8870 | D:8      | Found an ornate altar of the Wu Jian Council.
  9011 | D:8      | Found Ulass's Gadget Shop.
  9042 | D:8      | Reached XP level 10. HP: 74/74 MP: 22/22
  9071 | D:8      | Reached **** piety under Okawaru
  9266 | D:8      | Noticed a two-headed ogre
  9299 | D:8      | Killed a two-headed ogre
  9299 | D:8      | Reached skill level 5 in Short Blades
  9299 | D:8      | Reached skill level 5 in Long Blades
  9299 | D:8      | Reached skill level 5 in Axes
  9299 | D:8      | Reached skill level 5 in Maces & Flails
  9299 | D:8      | Reached skill level 5 in Polearms
  9299 | D:8      | Reached skill level 5 in Staves
  9299 | D:8      | Reached skill level 5 in Slings
  9299 | D:8      | Reached skill level 5 in Bows
  9299 | D:8      | Reached skill level 5 in Crossbows
  9299 | D:8      | Reached skill level 5 in Throwing
  9299 | D:8      | Reached skill level 5 in Armour
  9299 | D:8      | Reached skill level 5 in Shields
  9299 | D:8      | Reached skill level 5 in Unarmed Combat
  9299 | D:8      | Reached skill level 5 in Evocations
  9645 | D:8      | Reached skill level 6 in Fighting
  9721 | D:8      | Found a snail-covered altar of Cheibriados.
  9775 | D:9      | Reached ***** piety under Okawaru
  9782 | D:9      | Noticed a death yak
  9784 | D:9      | Noticed a death yak
  9793 | D:9      | Killed a death yak
  9793 | D:9      | Received a gift from Okawaru
  9793 | D:9      | Reached skill level 5 in Conjurations
  9793 | D:9      | Reached skill level 5 in Summonings
  9793 | D:9      | Reached skill level 5 in Translocations
  9793 | D:9      | Killed a death yak
  9844 | D:9      | Found a staircase to the Lair.
  9874 | D:9      | Found Juojoy's General Store.
  9983 | D:9      | Bought a +1 buckler of protection for 231 gold pieces
 10175 | D:9      | Found a hide-covered altar of Uskayaw.
 10189 | D:9      | Received a gift from Okawaru
 10189 | D:9      | Reached skill level 7 in Fighting
 10189 | D:9      | Reached XP level 11. HP: 84/84 MP: 24/24
 10211 | D:9      | Noticed a death yak
 10221 | D:9      | Killed a death yak
 10528 | D:9      | Reached skill level 5 in Hexes
 10528 | D:9      | Reached skill level 5 in Charms
 10528 | D:9      | Reached skill level 5 in Necromancy
 10528 | D:9      | Reached skill level 5 in Transmutations
 10528 | D:9      | Reached skill level 5 in Fire Magic
 10528 | D:9      | Reached skill level 5 in Ice Magic
 10528 | D:9      | Reached skill level 5 in Air Magic
 10528 | D:9      | Reached skill level 5 in Earth Magic
 10528 | D:9      | Reached skill level 5 in Poison Magic
 10623 | D:10     | Entered Level 10 of the Dungeon
 10715 | D:10     | Noticed a cyclops
 10742 | D:10     | Received a gift from Okawaru
 10750 | D:10     | Killed a cyclops
 10836 | D:10     | Found a flagged portal.
 10856 | Bailey   | Entered a bailey
 10861 | Bailey   | Noticed an orc warlord
 11281 | Bailey   | Noticed an orc knight
 11299 | Bailey   | Killed an orc knight
 11339 | Bailey   | Found a runed gate.
 11380 | Bailey   | Found a runed gate.
 11381 | Bailey   | Found a runed gate.
 11548 | D:10     | Reached ****** piety under Okawaru
 11557 | D:10     | Noticed a deep elf mage
 11567 | D:10     | Killed a deep elf mage
 11567 | D:10     | Reached skill level 8 in Fighting
 11671 | D:10     | Received a gift from Okawaru
 12470 | D:11     | Noticed an eight-headed hydra
 12491 | D:10     | Killed an eight-headed hydra
 12878 | D:11     | Identified the +5 scythe "Golefute" {drain, +Rage rElec}
 13003 | D:11     | Got a faintly glowing bronze amulet
 13004 | D:11     | Identified the amulet of Generosity {Harm *Drain rF- MR++
                  | MP+9 Int+2} (You found it on level 11 of the Dungeon)
 13037 | D:11     | Noticed an eight-headed hydra
 13043 | D:11     | Killed an eight-headed hydra
 13043 | D:11     | Reached XP level 12. HP: 81/94 MP: 21/25
 13331 | D:11     | Noticed Erica
 13337 | D:11     | Paralysed by Erica for 7 turns
 13345 | D:11     | Paralysed by Erica for 4 turns
 13357 | D:11     | Killed Erica
 13357 | D:11     | Reached skill level 10 in Spellcasting
 13544 | D:11     | Received a gift from Okawaru
 13714 | D:11     | Reached skill level 9 in Fighting
 13724 | D:11     | Noticed a two-headed ogre
 13731 | D:11     | Killed a two-headed ogre
 13748 | D:11     | Learned a level 1 spell: Magic Dart
 14527 | Lair:1   | Entered Level 1 of the Lair of Beasts
 14533 | Lair:1   | Noticed an eight-headed hydra
 14576 | D:9      | Killed an eight-headed hydra
 15099 | Lair:1   | Learned a level 4 spell: Iskenderun's Mystic Blast
 16195 | Lair:1   | Received a gift from Okawaru
 16642 | Lair:1   | Got a bloodstained large shield {god gift}
 16653 | Lair:1   | Identified the +0 large shield of Gykkoe {Str+6} (Okawaru
                  | gifted it to you on level 1 of the Lair of Beasts)
 17118 | Lair:2   | Noticed Fannar
 17305 | Lair:2   | Got a faintly glowing falchion
 17312 | Lair:2   | Identified the +6 falchion "Xigelefo" {holy, *Drain rF+
                  | Str+4 Dex+2} (You found it on level 2 of the Lair of
                  | Beasts)
 17578 | Lair:2   | Found a runed gate.
 17584 | Lair:2   | Found a runed gate.
 17813 | Lair:2   | Found a runed gate.
 17815 | Lair:2   | Noticed a nine-headed hydra
 17818 | Lair:2   | Noticed pidr's ghost (journeyman BaAr)
 17821 | Lair:2   | Noticed a nine-headed hydra
 17848 | Lair:2   | Reached skill level 10 in Fighting
 17971 | Lair:2   | Reached XP level 13. HP: 103/103 MP: 18/27
 19015 | Lair:2   | Killed Fannar
 19628 | Lair:2   | Found a runed gate.
 19629 | Lair:2   | Found a runed gate.
 19630 | Lair:2   | Found a runed gate.
 22955 | Lair:3   | Received a gift from Okawaru
 22958 | Lair:3   | Got a bronze ring mail {god gift}
 23032 | Lair:3   | Identified the +5 ring mail of Lethargy {MR+ Int+2 Slay+2}
                  | (Okawaru gifted it to you on level 3 of the Lair of Beasts)
 25467 | D:11     | Learned a level 5 spell: Alistair's Intoxication
 25709 | D:12     | Reached skill level 11 in Fighting
 26150 | D:12     | Found a staircase to the Orcish Mines.
 28217 | D:12     | Reached XP level 14. HP: 90/113 MP: 8/29
 29820 | Lair:4   | Reached skill level 10 in Dodging
 30210 | Lair:4   | Found a staircase to the Shoals.
 30368 | Lair:4   | Found a hole to the Spider Nest.
 30678 | Lair:5   | Identified a +1 pair of boots of running (You found it on
                  | level 5 of the Lair of Beasts)
 30702 | Lair:5   | Learned a level 4 spell: Summon Ice Beast
 30823 | Lair:5   | Received a gift from Okawaru
 31704 | Lair:5   | Reached skill level 10 in Stealth
 31726 | Lair:5   | Received a gift from Okawaru
 32224 | Lair:5   | You fall through a shaft!
 32224 | Lair:6   | Entered Level 6 of the Lair of Beasts
 32263 | Lair:5   | Reached skill level 10 in Invocations
 32343 | Lair:6   | Reached skill level 12 in Fighting
 33112 | Lair:6   | Found a staircase to the Slime Pits.
 33803 | Lair:6   | Was placed under penance by Okawaru
 34152 | Lair:6   | Was forgiven by Okawaru
 35172 | Lair:6   | Reached XP level 15. HP: 96/122 MP: 3/30
 36413 | Lair:6   | Got a pitted iron ring
 36418 | Lair:6   | Identified the ring of Olul {rPois rF- MR+ Str+2 SInv} (You
                  | found it on level 6 of the Lair of Beasts)
 36994 | Lair:1   | Gained mutation: Your magical capacity is low. (-10% MP)
                  | [potion of mutation]
 36994 | Lair:1   | Gained mutation: You have a somewhat thin skeletal
                  | structure. (Dex +2, Stealth) [potion of mutation]
 36995 | Lair:1   | Lost mutation: Your magical capacity is low. (-10% MP)
                  | [potion of mutation]
 36995 | Lair:1   | Lost mutation: You have a somewhat thin skeletal structure.
                  | (Dex +2, Stealth) [potion of mutation]
 36995 | Lair:1   | Gained mutation: You tend to lose your temper in combat.
                  | [potion of mutation]
 36995 | Lair:1   | Gained mutation: You are partially covered in thin metallic
                  | scales. (AC +2) [potion of mutation]
 36995 | Lair:1   | Gained mutation: You have a pair of small horns on your
                  | head. [potion of mutation]
 36996 | Lair:1   | Lost mutation: You have a pair of small horns on your head.
                  | [potion of mutation]
 36996 | Lair:1   | Lost mutation: You are partially covered in thin metallic
                  | scales. (AC +2) [potion of mutation]
 36996 | Lair:1   | Gained mutation: You are dopey. (Int -2) [potion of
                  | mutation]
 36996 | Lair:1   | Gained mutation: Your spells are a little harder to cast,
                  | but a little more powerful. [potion of mutation]
 37399 | D:13     | Received a gift from Okawaru
 37402 | D:13     | Got a pitted scale mail {god gift}
 37413 | D:13     | Identified the +8 scale mail of Honesty {rElec rN+}
                  | (Okawaru gifted it to you on level 13 of the Dungeon)
 38848 | D:14     | Found a frozen archway.
 38858 | IceCv    | Entered an ice cave
 40094 | IceCv    | Identified the Reference Book on Flight and Clay
 40458 | D:14     | Reached skill level 13 in Fighting
 40464 | D:14     | Paralysed by a hornet for 1 turns
 40507 | D:13     | Paralysed by a hornet for 1 turns
 40510 | D:13     | Reached skill level 10 in Short Blades
 40510 | D:13     | Reached skill level 10 in Long Blades
 40510 | D:13     | Reached skill level 10 in Axes
 40510 | D:13     | Reached skill level 10 in Maces & Flails
 40510 | D:13     | Reached skill level 10 in Polearms
 40510 | D:13     | Reached skill level 10 in Staves
 40510 | D:13     | Reached skill level 10 in Slings
 40510 | D:13     | Reached skill level 10 in Bows
 40510 | D:13     | Reached skill level 10 in Crossbows
 40510 | D:13     | Reached skill level 10 in Throwing
 40510 | D:13     | Reached skill level 10 in Armour
 40510 | D:13     | Reached skill level 10 in Shields
 40510 | D:13     | Reached skill level 10 in Unarmed Combat
 40510 | D:13     | Reached skill level 10 in Evocations
 40913 | D:13     | Learned a level 4 spell: Summon Lightning Spire
 41708 | D:14     | Found a gate to the Vaults.
 42408 | D:15     | Entered Level 15 of the Dungeon
 42906 | D:15     | Received a gift from Okawaru
 44164 | D:14     | Reached XP level 16. HP: 131/131 MP: 25/32
 44728 | D:14     | Received a gift from Okawaru
 44743 | D:14     | Got a dazzling cloak {god gift}
 44754 | D:14     | Identified the +1 cloak "Konkix" {rElec Str+2 Int+4}
                  | (Okawaru gifted it to you on level 14 of the Dungeon)
 45949 | D:15     | Found a blossoming altar of Fedhas.
 46035 | D:15     | Found a staircase to the Depths.
 46874 | Orc:1    | Entered Level 1 of the Orcish Mines
 47820 | Orc:1    | Found a roughly hewn altar of Beogh.
 49092 | Orc:2    | Entered Level 2 of the Orcish Mines
 49621 | Orc:2    | Found a staircase to the Elven Halls.
 50446 | Orc:2    | Found Xobaemum's Weapon Shop.
 50446 | Orc:2    | Found Wumubayn's Food Shop.
 50447 | Orc:2    | Found Gafatsurph's Magic Scroll Shoppe.
 50447 | Orc:2    | Found Guloz's Antique Weapon Shoppe.
 50847 | Orc:2    | Bought a scroll of enchant weapon for 97 gold pieces
 50847 | Orc:2    | Bought a scroll of acquirement for 676 gold pieces
 51117 | Spider:1 | Entered Level 1 of the Spider Nest
 52333 | Spider:1 | Received a gift from Okawaru
 52488 | Spider:1 | Noticed Frances
 52523 | Spider:1 | Killed Frances
 52523 | Spider:1 | Reached skill level 14 in Fighting
 52582 | Spider:1 | Noticed Azrael
 53694 | Spider:1 | Killed Azrael
 56027 | Spider:1 | Noticed Josephine
 56038 | Spider:1 | Killed Josephine
 56481 | Spider:1 | Received a gift from Okawaru
 58484 | Spider:1 | Lost mutation: You are dopey. (Int -2) [potion of mutation]
 58484 | Spider:1 | Lost mutation: Your spells are a little harder to cast, but
                  | a little more powerful. [potion of mutation]
 58484 | Spider:1 | Lost mutation: You tend to lose your temper in combat.
                  | [potion of mutation]
 58484 | Spider:1 | Gained mutation: Your spells are a little easier to cast,
                  | but a little less powerful. [potion of mutation]
 58484 | Spider:1 | Gained mutation: You are partially covered in large bone
                  | plates. (SH +4) [potion of mutation]
 58967 | Spider:2 | Noticed Arachne
 59037 | Spider:2 | Killed Arachne
 59037 | Spider:2 | Received a gift from Okawaru
 59404 | Spider:2 | Got a scorched hunting sling {god gift}
 59405 | Spider:2 | Identified the +3 hunting sling "Okib Les" {velocity, Str+4
                  | Int+4} (Okawaru gifted it to you on level 2 of the Spider
                  | Nest)
 60844 | Spider:3 | Reached XP level 17. HP: 140/140 MP: 33/33
 62049 | Spider:3 | Identified the cursed +1 robe "Goytyapn" {MR+}
 62109 | Spider:3 | Received a gift from Okawaru
 63377 | Spider:4 | Entered Level 4 of the Spider Nest
 66395 | Spider:4 | Reached skill level 10 in Conjurations
 66395 | Spider:4 | Reached skill level 10 in Summonings
 66395 | Spider:4 | Reached skill level 10 in Translocations
 66764 | Spider:4 | Reached skill level 15 in Fighting
 69790 | Spider:4 | Received a gift from Okawaru
 70726 | Spider:4 | Got a gossamer rune of Zot
 72831 | Vaults:1 | Entered Level 1 of the Vaults
 73435 | Vaults:1 | Noticed a lich
 73461 | Vaults:1 | Killed a lich
 73821 | D:14     | Reached skill level 10 in Hexes
 73821 | D:14     | Reached skill level 10 in Charms
 73821 | D:14     | Reached skill level 10 in Necromancy
 73821 | D:14     | Reached skill level 10 in Transmutations
 73821 | D:14     | Reached skill level 10 in Fire Magic
 73821 | D:14     | Reached skill level 10 in Ice Magic
 73821 | D:14     | Reached skill level 10 in Air Magic
 73821 | D:14     | Reached skill level 10 in Earth Magic
 73821 | D:14     | Reached skill level 10 in Poison Magic
 74704 | Vaults:1 | Reached XP level 18. HP: 149/149 MP: 29/35
 75753 | Vaults:1 | Received a gift from Okawaru
 75761 | Vaults:1 | Got a translucent shortbow {god gift}
 75762 | Vaults:1 | Identified the +1 shortbow of a bailey {flame, +Inv}
                  | (Okawaru gifted it to you on level 1 of the Vaults)
 76440 | Vaults:1 | Found Bomodgh's Magic Scroll Emporium.
 77786 | Vaults:1 | Received a gift from Okawaru
 77801 | Vaults:1 | Got a slimy plate armour {god gift}
 77812 | Vaults:1 | Identified the +6 plate armour of the Everdark {Regen+
                  | Str+5} (Okawaru gifted it to you on level 1 of the Vaults)
 78951 | Vaults:2 | Reached skill level 16 in Fighting
 79729 | Vaults:1 | Upgraded the game from 0.23-a0-395-gcf17ac6 to
                  | 0.23-a0-396-g5214e5f
 80122 | Vaults:2 | Learned a level 3 spell: Portal Projectile
 81152 | Vaults:2 | Received a gift from Okawaru
 81491 | Vaults:2 | Reached XP level 19. HP: 157/157 MP: 10/36
 83194 | Vaults:2 | Received a gift from Okawaru
 83647 | Vaults:2 | Found a staircase to the Crypt.
 83647 | Vaults:2 | Found a basalt altar of Yredelemnul.
 83648 | Vaults:2 | Found an ancient bone altar of Kikubaaqudgha.
 85957 | Vaults:3 | Received a gift from Okawaru
 87226 | Vaults:3 | Received a gift from Okawaru
 88080 | D:6      | Killed Garbasso's ghost
 88496 | Lair:2   | Killed pidr's ghost
 88908 | Orc:2    | Learned a level 5 spell: Summon Mana Viper
 89013 | Elf:1    | Entered Level 1 of the Elven Halls
 89343 | Elf:1    | Received a gift from Okawaru
 89600 | Elf:1    | Received a gift from Okawaru
 90323 | Elf:1    | Reached skill level 17 in Fighting
 90743 | Elf:1    | Received a gift from Okawaru
 90754 | Elf:1    | Got an ancient helmet {god gift}
 90760 | Elf:1    | Identified the +0 helmet "Synly" {rF+++ rCorr Dex-2}
                  | (Okawaru gifted it to you on level 1 of the Elven Halls)
 91026 | Elf:1    | Reached XP level 20. HP: 168/168 MP: 38/38
 94909 | Elf:2    | Found a runed gate.
 94909 | Elf:2    | Found a runed gate.
 94918 | Elf:2    | Found a runed gate.
 96635 | Elf:1    | Upgraded the game from 0.23-a0-396-g5214e5f to
                  | 0.23-a0-398-g8eab93f
 96762 | Elf:2    | Cast into level 3 of the Abyss (dire flail of distortion)
 96809 | Elf:2    | Escaped the Abyss
 97095 | Elf:3    | Entered Level 3 of the Elven Halls
 97646 | Elf:3    | Received a gift from Okawaru
 98390 | Elf:3    | Found Luropt's Assorted Antiques.
 98653 | Elf:3    | Received a gift from Okawaru
 98968 | Elf:3    | Received a gift from Okawaru
 99085 | Elf:3    | Identified the +1 leather armour "Raucris" {rF++ rN+}
 99085 | Elf:3    | Identified the amulet "Nailim" {*Slow +Rage MR+ Dex+2}
 99556 | Elf:3    | Received a gift from Okawaru
100022 | Elf:3    | Received a gift from Okawaru
100195 | Elf:3    | Noticed a Brimstone Fiend
101222 | Elf:2    | Received a gift from Okawaru
101465 | Elf:3    | Identified the +2 robe "Ubaceulu" {rC+}
101616 | Elf:3    | Reached XP level 21. HP: 137/176 MP: 39/39
101941 | Elf:3    | Found the +8 orange crystal plate armour {Archmagi, Int+3
                  | Clar}
101951 | Elf:3    | Identified Horuq's Wizardry Continued
102036 | Elf:3    | Got a dazzling scale mail
102072 | Elf:3    | Identified the +2 scale mail of Othoihy {rElec MR- Str+9
                  | Dex-2} (You found it on level 3 of the Elven Halls)
102123 | Elf:3    | Got ancient storm dragon scales
102129 | Elf:3    | Identified the +5 storm dragon scales "Jisyi" {rElec Int+5}
                  | (You found it on level 3 of the Elven Halls)
102166 | Elf:3    | Got a transparent hand crossbow
102167 | Elf:3    | Identified the +8 hand crossbow of Courage {elec, rPois}
                  | (You found it on level 3 of the Elven Halls)
102385 | Elf:2    | Got a polished hat {god gift}
102396 | Elf:2    | Identified the +2 hat of Detap {rN+ Int-5 Dex+3} (Okawaru
                  | gifted it to you on level 2 of the Elven Halls)
102555 | Elf:3    | Learned a level 6 spell: Invisibility
103000 | Shoals:1 | Entered Level 1 of the Shoals
103000 | Shoals:1 | Found a runed door.
103011 | Shoals:1 | Reached skill level 15 in Spellcasting
103522 | Shoals:1 | Noticed Titaaram's ghost (adept DrNe)
103556 | Shoals:1 | Reached skill level 18 in Fighting
103822 | Shoals:1 | Found Utiaquej's Distillery.
103837 | Shoals:1 | Bought a potion of heal wounds for 65 gold pieces
103837 | Shoals:1 | Bought a potion of haste for 130 gold pieces
103837 | Shoals:1 | Bought a potion of resistance for 130 gold pieces
103937 | Shoals:1 | Gained mutation: You occasionally shout uncontrollably at
                  | your foes. [mutagenic glow]
104485 | Shoals:1 | Killed Titaaram's ghost
105425 | Shoals:2 | Lost mutation: Your spells are a little easier to cast, but
                  | a little less powerful. [potion of mutation]
105425 | Shoals:2 | Lost mutation: You occasionally shout uncontrollably at
                  | your foes. [potion of mutation]
105425 | Shoals:2 | Gained mutation: You have a pair of small horns on your
                  | head. [potion of mutation]
105425 | Shoals:2 | Gained mutation: Scrolls take you a little longer to read.
                  | [potion of mutation]
105425 | Shoals:2 | Gained mutation: You evolve. [potion of mutation]
105794 | Elf:2    | Lost mutation: Scrolls take you a little longer to read.
                  | [potion of mutation]
105794 | Elf:2    | Lost mutation: You have a pair of small horns on your head.
                  | [potion of mutation]
105794 | Elf:2    | Lost mutation: You evolve. [potion of mutation]
105794 | Elf:2    | Gained mutation: Your spells are a little harder to cast,
                  | but a little more powerful. [potion of mutation]
105794 | Elf:2    | Gained mutation: Your natural rate of healing is unusually
                  | fast. [potion of mutation]
107374 | Shoals:4 | Entered Level 4 of the Shoals
107423 | Shoals:4 | Received a gift from Okawaru
107500 | Shoals:4 | Got a jewelled ring mail {god gift}
107521 | Shoals:4 | Identified the +2 ring mail of Light {rF- Str+3 Int+4 SInv}
                  | (Okawaru gifted it to you on level 4 of the Shoals)
107550 | Shoals:4 | Found the +8 longbow "Zephyr" {speed, Dex+3 SInv}
107695 | Shoals:4 | Found an ornate altar of the Wu Jian Council.
108006 | Shoals:4 | Noticed Ilsuiw
108138 | Shoals:4 | Reached skill level 15 in Invocations
108208 | Shoals:4 | Gained mutation: Your body sometimes deteriorates upon
                  | taking damage. [mutagenic glow]
108480 | Shoals:4 | Killed Ilsuiw
109566 | Shoals:4 | Got a barnacled rune of Zot
110799 | Vaults:3 | Found a runed gate.
110800 | Vaults:3 | Found an opulent altar of Gozag.
110825 | Vaults:3 | Found a runed gate.
110828 | Vaults:3 | Found Behasod's Assorted Antiques.
110829 | Vaults:3 | Found a runed gate.
110829 | Vaults:3 | Noticed Vapoch's ghost (adept MiFi)
110983 | Vaults:3 | Reached XP level 22. HP: 161/186 MP: 41/41
111185 | Vaults:3 | Received a gift from Okawaru
111783 | Vaults:3 | Bought 3 scrolls of enchant weapon for 967 gold pieces
111910 | Vaults:4 | Received a gift from Okawaru
112336 | Vaults:4 | Received a gift from Okawaru
112349 | Vaults:4 | Got a heavily runed cloak {god gift}
112440 | Vaults:4 | Identified the +1 cloak "Tojiyll" {*Corrode Int+3 Slay+5
                  | SInv} (Okawaru gifted it to you on level 4 of the Vaults)
113072 | Vaults:4 | Noticed Boris
113075 | Vaults:4 | Reached skill level 19 in Fighting
113101 | Vaults:4 | Killed Boris
113101 | Vaults:4 | Reached skill level 15 in Dodging
114084 | Depths:1 | Entered Level 1 of the Depths
114128 | Depths:1 | Reached skill level 15 in Stealth
114201 | Depths:1 | Upgraded the game from 0.23-a0-398-g8eab93f to
                  | 0.23-a0-402-g64599a1
114208 | Depths:1 | Learned a level 6 spell: Death Channel
114423 | Depths:1 | Received a gift from Okawaru
114518 | Depths:1 | Received a gift from Okawaru
114671 | Depths:1 | Found Vemops's Magic Scroll Emporium.
114878 | Depths:1 | Found a gateway to Hell.
115114 | Depths:1 | Got a steaming ring mail
115125 | Depths:1 | Identified the +4 ring mail "Trusted Companion" {rN+} (You
                  | found it on level 1 of the Depths)
115173 | Depths:1 | Got a slimy copper ring
115175 | Depths:1 | Identified the ring of Xeduag {+Blink MP+9} (You acquired
                  | it on level 1 of the Depths)
115299 | Depths:2 | Reached XP level 23. HP: 194/194 MP: 27/42
115748 | Depths:2 | Paralysed by a floating eye for 3 turns
115754 | Depths:2 | Gained mutation: You are weak. (Str -2) [a shining eye]
116404 | Depths:2 | Gained mutation: You are very weak. (Str -4) [a shining
                  | eye]
116405 | Depths:2 | Lost mutation: You are very weak. (Str -4) [a shining eye]
116657 | Depths:2 | Received a gift from Okawaru
116660 | Depths:2 | Got a warped shield {god gift}
116661 | Depths:2 | Identified the +0 shield of Spring Thaw {rPois Dex+3 SInv}
                  | (Okawaru gifted it to you on level 2 of the Depths)
116911 | Depths:2 | Found a one-way gate to the infinite horrors of the Abyss.
117050 | Depths:2 | Found a gateway to a ziggurat.
117292 | Depths:2 | Identified the +8 war axe "Meehicuo" {freeze, -Tele +Rage
                  | Str+7 SInv}
117876 | Depths:3 | Reached skill level 15 in Short Blades
117876 | Depths:3 | Reached skill level 15 in Long Blades
117876 | Depths:3 | Reached skill level 15 in Axes
117876 | Depths:3 | Reached skill level 15 in Maces & Flails
117876 | Depths:3 | Reached skill level 15 in Polearms
117876 | Depths:3 | Reached skill level 15 in Staves
117876 | Depths:3 | Reached skill level 15 in Slings
117876 | Depths:3 | Reached skill level 15 in Bows
117876 | Depths:3 | Reached skill level 15 in Crossbows
117876 | Depths:3 | Reached skill level 15 in Throwing
117876 | Depths:3 | Reached skill level 15 in Armour
117876 | Depths:3 | Reached skill level 15 in Shields
117876 | Depths:3 | Reached skill level 15 in Unarmed Combat
117876 | Depths:3 | Reached skill level 15 in Evocations
118041 | Depths:3 | Noticed a golden dragon
118048 | Depths:3 | Killed a golden dragon
118098 | Depths:3 | Noticed a juggernaut
118376 | Depths:3 | Found a one-way gate leading to the halls of Pandemonium.
118866 | Depths:3 | Killed a juggernaut
119167 | Depths:3 | Identified the Disquisition on Evil Translocation
119170 | Depths:3 | Identified Asmodeus's Volume of Ignition
119282 | Depths:4 | Reached skill level 20 in Fighting
119388 | Depths:4 | Received a gift from Okawaru
119687 | Depths:4 | Received a gift from Okawaru
119898 | Depths:4 | Reached XP level 24. HP: 204/204 MP: 32/43
120081 | Depths:4 | Found Utza's Gadget Shoppe.
120931 | Depths:4 | Identified the ring of Youthful Indiscretion {rF++ rC+++
                  | MR+ Str-3 Dex-2}
121753 | Depths:4 | Got a steaming plate armour
121754 | Depths:4 | Identified the +5 plate armour of Uskayaw's Approval {rCorr
                  | Str+3} (You found it on level 4 of the Depths)
121933 | Depths:5 | Entered Level 5 of the Depths
122450 | Vaults:3 | Lost mutation: Your spells are a little harder to cast, but
                  | a little more powerful. [potion of mutation]
122450 | Vaults:3 | Lost mutation: Your natural rate of healing is unusually
                  | fast. [potion of mutation]
122450 | Vaults:3 | Lost mutation: You are weak. (Str -2) [potion of mutation]
122450 | Vaults:3 | Gained mutation: Your movements are slightly less
                  | encumbered by armour. (ER -2) [potion of mutation]
122450 | Vaults:3 | Gained mutation: You have a pair of small horns on your
                  | head. [potion of mutation]
124736 | Depths:5 | Received a gift from Okawaru
125856 | Depths:5 | Found Jenk's Gadget Boutique.
125856 | Depths:5 | Found Polug's Jewellery Shoppe.
125857 | Depths:5 | Found Lugyic's Gadget Boutique.
126475 | Depths:5 | Received a gift from Okawaru
126684 | Depths:5 | Found a gate to the Realm of Zot.
127213 | Depths:5 | Received a gift from Okawaru
128488 | Depths:5 | Bought the ring "Mesmown" {rPois rN+ Slay+2 SInv} for 814
                  | gold pieces
128503 | Depths:5 | Learned a level 5 spell: Borgnjor's Vile Clutch
128823 | Elf:3    | Bought 2 scrolls of teleportation for 210 gold pieces
128823 | Elf:3    | Bought a scroll of brand weapon for 700 gold pieces
128838 | Elf:3    | Upgraded the game from 0.23-a0-402-g64599a1 to
                  | 0.23-a0-417-gf02c810
129707 | Vaults:5 | Entered Level 5 of the Vaults
129724 | Vaults:5 | Was placed under penance by Okawaru
130231 | Vaults:4 | Reached XP level 25. HP: 107/213 MP: 21/43
130982 | Vaults:4 | Was forgiven by Okawaru
131010 | Vaults:4 | Slain by a deep elf blademaster

Vault maps used:
D:1:      dpeg_arrival_rooms_b
D:2:      grunt_temple_overflow_open
D:3:      gammafunk_wand_slinger, first_ration, uniq_jessica, uniq_terence,
          uniq_sigmund, uniq_natasha
D:4:      serial_shops, shop_fountains, grunt_ministairs_14, trog_hazing_becter,
          uniq_crazy_yiuf_cottage
D:5:      kennysheep_little_box, lemuel_coloured_pillars_altar
D:6:      minmay_temple_entry_from_below_a, gammafunk_ghost_stat_death,
          uniq_pikel
D:7:      enter_ossuary_5, minmay_manual_monstrance
D:8:      slow_altar_2, overflow_temple_1_default, serial_shops,
          nicolae_shop_stone
D:9:      nicolae_overflow_crystal_walls, dpeg_lair_monsters, serial_shops, shop
D:10:     enter_bailey_2, hangedman_stone_soup
D:11:     minivault_19, uniq_erica
D:12:     minmay_orc_entry_guard_dogs, small_chamber_with_monster,
          lemuel_flamethrower_1
D:14:     grunt_vaults_entry_tiered, portal_ice_cave_entry_pillars_1,
          hangedman_glass_teeth, disabler_island
D:15:     gammafunk_depths_entry_grave, old_standard_altar,
          chequers_serial_rivers_micro_e
Lair:1:   grunt_megastairs_1, serial_bayou_shore_b
Lair:2:   cheibrodos_lair_river_kwai, gammafunk_ghost_hydra_chop, uniq_fannar
Lair:3:   zaba_antful_of_joy
Lair:4:   minmay_shoals_entry_hut, spider_nest_entry_web_field, special_room,
          nicolae_lair_grove_arrangements, beast_lair_carwin_1
Lair:5:   beast_lair_carwin_large_1, serial_bayou_shore_b
Lair:6:   evilmike_catoblepas_cave, slime_dummy, lab_entry_generic
Shoals:1: serial_shops, nicolae_shop_stone, ebering_ghost_reflecting_pool
Shoals:2: nicolae_shoals_dead_sea_scrolls
Shoals:3: argonaut_golden_fleece, nicolae_shoals_water_elemental_grotto
Shoals:4: shoals_end_hangedman, shoal_ilsuiw, lemuel_oklob_altar
Spider:1: uniq_azrael, uniq_josephine, uniq_frances
Spider:2: uniq_arachne
Spider:3: cheibrodos_spider_silkery, hangedman_spider_tarantella_strand
Spider:4: guppyfry_spider_rune
Orc:1:    nicolae_orc_stony_grotto, mines2_david
Orc:2:    st_orc_elflike
Elf:1:    minmay_elf_arrival_plus, evilmike_minifort
Elf:3:    minmay_elf_hall_curves, serial_shops, shop
Vaults:1: vaults_room_large_hall, v_rooms_1, hangedman_vaults_slither,
          vaults_mumra_chevron, grunt_vaults_bifocal,
          vaults_mumra_minichess_inversion, v_alt_pattern_3,
          nicolae_vaults_little_ls, v_misc_18, hangedman_vaults_restitches,
          vaults_room_boxed, ontoclasm_vaults_idyll, serial_shops, shop
Vaults:2: nicolae_vaults_disjoint_gnomons, v_misc_12, hangedman_vaults_nodes,
          minmay_crypt_entry_necro_gods, v_misc_23, vaults_room_semicircle,
          hangedman_vaults_locks, vaults_mumra_hexcomb, nicolae_vaults_big_ls,
          ontoclasm_vaults_ligature, ontoclasm_vaults_gallery, v_misc_22,
          vaults_room_stairs_pillars, vaults_room_hallway, mu_enter_wizlab_4
Vaults:3: ebering_vaults_ghost_gozag, st_octagons_1, vaults_mumra_chevron_long,
          hangedman_vaults_river_flow, vaults_dpeg_encased_lava,
          nicolae_vaults_diagonal_hallway_8, nicolae_vaults_little_squares_6,
          hangedman_vaults_trim, ontoclasm_vaults_gateway
Vaults:4: v_misc_22, hangedman_vaults_pinch, hangedman_vaults_hat, v_misc_26,
          v_misc_10, nicolae_vaults_network_square,
          ontoclasm_vaults_claustrophobia, nicolae_vaults_little_squares_5,
          nicolae_vaults_three_branches, ontoclasm_vaults_shuriken, uniq_boris
Vaults:5: serial_shops
Depths:1: minmay_bloctagon_deflated, grunt_hell_entry_dis_grunt, serial_shops,
          shop, kennysheep_four_rooms
Depths:2: minmay_the_grid_octo_2x2, enter_ziggurat_a, abyss_entry,
          minmay_misc_feat_nine_boxes, hell_entry, infiniplex_staircase_zigzag_4
Depths:3: kennysheep_water_balloons, hell_entry, pan_entry,
          infiniplex_staircase_diamond, serial_bayou_shore_b
Depths:4: four-leaf_vault, hangedman_decor_riveting, serial_shops,
          nicolae_shop_stone, minmay_room_of_horrors, hell_entry
Depths:5: grunt_crosshair, pf_hell_entry_tar_river, onia_ninara_cookie,
          minmay_shop_grove, grunt_megastairs_4
Abyss:3:  evilmike_abyss_exit_chaos
Ossuary:  ossuary_minmay_tomb_2a
Bailey:   bailey_axe_bossmonster_kennysheep, bailey
IceCv:    ice_cave_small_demon

Skill      XL: |  1  2  3  4  5  6  7  8  9 10 11 12 13 14 15 16 17 18 19 20 21 22 23 24 25 |
---------------+----------------------------------------------------------------------------+-----
Conjurations   | 2 3 4 5 6 7 8 9 10 11 12 13 | 13.8
Summonings     | 2 3 4 5 6 7 8 9 10 11 12 13 | 13.8
Translocations | 2 3 4 5 6 7 8 9 10 11 12 13 | 13.8
Fighting       | 1 2 3 5 7 8 10 11 12 13 14 15 16 17 18 19 20 | 20.9
Short Blades   | 1 2 3 4 5 6 7 8 9 10 11 12 13 14 15 | 15.8
Long Blades    | 1 2 3 4 5 6 7 8 9 10 11 12 13 14 15 | 15.8
Axes           | 1 2 3 4 5 6 7 8 9 10 11 12 13 14 15 | 15.8
Maces & Flails | 1 2 3 4 5 6 7 8 9 10 11 12 13 14 15 | 15.8
Polearms       | 1 2 3 4 5 6 7 8 9 10 11 12 13 14 15 | 15.8
Staves         | 1 2 3 4 5 6 7 8 9 10 11 12 13 14 15 | 15.8
Slings         | 1 2 3 4 5 6 7 8 9 10 11 12 13 14 15 | 15.8
Bows           | 1 2 3 4 5 6 7 8 9 10 11 12 13 14 15 | 15.8
Crossbows      | 1 2 3 4 5 6 7 8 9 10 11 12 13 14 15 | 15.8
Throwing       | 1 2 3 4 5 6 7 8 9 10 11 12 13 14 15 | 15.8
Armour         | 1 2 3 4 5 6 7 8 9 10 11 12 13 14 15 | 15.8
Shields        | 1 2 3 4 5 6 7 8 9 10 11 12 13 14 15 | 15.8
Unarmed Combat | 1 2 3 4 5 6 7 8 9 10 11 12 13 14 15 | 15.8
Invocations    | 1 2 3 4 5 6 7 8 9 10 11 12 13 14 15 16 17 | 17.1
Evocations     | 1 2 3 4 5 6 7 8 9 10 11 12 13 14 15 | 15.8
Hexes          | 1 2 3 4 5 6 7 8 9 10 11 12 13 | 13.6
Charms         | 1 2 3 4 5 6 7 8 9 10 11 12 13 | 13.6
Necromancy     | 1 2 3 4 5 6 7 8 9 10 11 12 13 | 13.6
Transmutations | 1 2 3 4 5 6 7 8 9 10 11 12 13 | 13.6
Fire Magic     | 1 2 3 4 5 6 7 8 9 10 11 12 13 | 13.6
Ice Magic      | 1 2 3 4 5 6 7 8 9 10 11 12 13 | 13.6
Air Magic      | 1 2 3 4 5 6 7 8 9 10 11 12 13 | 13.6
Earth Magic    | 1 2 3 4 5 6 7 8 9 10 11 12 13 | 13.6
Poison Magic   | 1 2 3 4 5 6 7 8 9 10 11 12 13 | 13.6
Dodging        | 5 6 7 8 9 10 11 12 13 14 15 16 | 16.3
Stealth        | 5 6 7 8 9 10 11 12 13 14 15 16 | 16.3
Spellcasting   | 8 9 10 11 12 13 14 15 16 17 | 17.0

Action                   |  1- 3 |  4- 6 |  7- 9 | 10-12 | 13-15 | 16-18 | 19-21 | 22-24 | 25-27 || total
-------------------------+-------+-------+-------+-------+-------+-------+-------+-------+-------++-------
Melee: Unarmed           |     1 |       |       |       |       |       |       |       |       ||     1
       Dagger            |     4 |    86 |       |       |       |       |       |       |       ||    90
       Bite              |       |    12 |     6 |       |   130 |   149 |   128 |    82 |    10 ||   517
       Punch             |       |     1 |       |       |       |       |       |       |       ||     1
       Short sword       |       |       |    33 |       |       |       |       |       |       ||    33
       Quick blade       |       |       |       |       |   854 |   915 |   819 |    26 |       ||  2614
       Fustibalus        |       |       |       |       |     1 |       |       |       |       ||     1
       Demon trident     |       |       |       |       |       |       |   140 |   758 |   113 ||  1011
       Headbutt          |       |       |       |       |       |       |       |    34 |    14 ||    48
 Fire: Hand crossbow     |       |       |   236 |   527 |   184 |       |       |       |       ||   947
       Fustibalus        |       |       |       |       |   869 |  1816 |  1988 |  1111 |       ||  5784
       Hunting sling     |       |       |       |       |       |    13 |       |       |       ||    13
Throw: Stone             |       |       |       |       |   323 |       |       |       |       ||   323
 Cast: Magic Dart        |    63 |   121 |   137 |   195 |    29 |     1 |       |       |       ||   546
       Mephitic Cloud    |       |     5 |    10 |    14 |     4 |     4 |       |       |       ||    37
       Conjure Flame     |       |     4 |    10 |    22 |    12 |     2 |     1 |       |       ||    51
       Blink             |       |     1 |     4 |    15 |    10 |    31 |    14 |     4 |     4 ||    83
       Confuse           |       |       |     5 |     4 |    14 |     7 |     2 |       |       ||    32
       Tukima's Dance    |       |       |     1 |    16 |     2 |    12 |     3 |       |       ||    34
       Iskenderun's Myst |       |       |       |    63 |   265 |    33 |       |       |       ||   361
       Alistair's Intoxi |       |       |       |       |     2 |     1 |       |     1 |       ||     4
       Summon Ice Beast  |       |       |       |       |   108 |   120 |    44 |     6 |       ||   278
       Summon Lightning  |       |       |       |       |     5 |   134 |   124 |    57 |     3 ||   323
       Portal Projectile |       |       |       |       |       |    12 |    79 |    62 |       ||   153
       Summon Mana Viper |       |       |       |       |       |       |     9 |    13 |     9 ||    31
       Invisibility      |       |       |       |       |       |       |    20 |     1 |       ||    21
       Death Channel     |       |       |       |       |       |       |       |    33 |       ||    33
       Borgnjor's Vile C |       |       |       |       |       |       |       |     1 |     1 ||     2
Invok: Finesse           |       |       |       |       |       |       |     1 |       |       ||     1
Evoke: Wand              |       |       |       |       |     4 |     2 |     1 |     1 |       ||     8
  Use: Scroll            |       |     3 |     6 |    21 |    10 |     9 |    19 |    22 |     1 ||    91
       Potion            |       |       |       |       |    10 |     2 |     6 |     5 |       ||    23
 Stab: Sleeping          |     1 |     6 |     1 |       |     2 |     2 |    11 |     4 |       ||    27
       Confused          |       |     4 |     1 |       |       |     3 |     1 |       |       ||     9
       Distracted        |       |       |       |       |     6 |     9 |     1 |     9 |     1 ||    26
       Invisible         |       |       |       |       |       |       |     6 |     8 |       ||    14
  Eat: Chunk             |       |     7 |    18 |    14 |    41 |    36 |    43 |    19 |       ||   178
       Ration            |       |       |       |     4 |    11 |    22 |    13 |    11 |     1 ||    62
Armor: Robe              |     2 |    22 |    18 |       |    12 |       |       |       |       ||    54
       Leather armour    |       |       |    33 |    86 |       |       |       |       |       ||   119
       Skin              |       |       |       |     1 |    26 |       |       |       |       ||    27
       Ring mail         |       |       |       |       |   393 |   486 |   154 |   159 |    28 ||  1220
Dodge: Dodged            |     8 |   110 |   154 |   283 |   761 |   600 |   294 |   218 |    26 ||  2454
Block: Buckler           |       |       |       |   146 |   705 |    76 |       |       |       ||   927
       Reflection        |       |       |       |       |    60 |    52 |   159 |    87 |    13 ||   371
       Large shield      |       |       |       |       |   142 |  1828 |  1155 |   705 |   111 ||  3941

Table legend:
 A = Non-vault XP
 B = Vault XP
 C = Vault XP percentage of total XP
 D = Non-vault monster count
 E = Vault monster count
 F = Vault count percentage of total count
                 A         B        C        D         E       F
            +---------+---------+-------+---------+---------+-------
      Total |  558868 |  419810 |  42.9 |    1548 |     743 |  32.4
            +---------+---------+-------+---------+---------+-------
        D:1 |      33 |       0 |   0.0 |      17 |       0 |   0.0
        D:2 |     168 |       0 |   0.0 |      26 |       0 |   0.0
        D:3 |     314 |     419 |  57.2 |      35 |       9 |  20.5
        D:4 |     126 |      89 |  41.4 |      11 |       8 |  42.1
        D:5 |     700 |       0 |   0.0 |      26 |       0 |   0.0
        D:6 |     387 |    1414 |  78.5 |      25 |       8 |  24.2
        D:7 |    1139 |     432 |  27.5 |      31 |       3 |   8.8
        D:8 |    1974 |      39 |   1.9 |      25 |       1 |   3.8
        D:9 |    3496 |    2620 |  42.8 |      29 |      11 |  27.5
       D:10 |    3214 |     997 |  23.7 |      39 |       4 |   9.3
       D:11 |   10278 |     822 |   7.4 |      81 |       1 |   1.2
       D:12 |    5743 |    1270 |  18.1 |      41 |       4 |   8.9
       D:13 |    8132 |      93 |   1.1 |      31 |       1 |   3.1
       D:14 |   15333 |    7053 |  31.5 |      50 |      28 |  35.9
       D:15 |   10126 |    3588 |  26.2 |      26 |       7 |  21.2
     Lair:1 |    4798 |     258 |   5.1 |      21 |       2 |   8.7
     Lair:2 |    3723 |    6238 |  62.6 |      18 |      11 |  37.9
     Lair:3 |    2990 |    4127 |  58.0 |      14 |      50 |  78.1
     Lair:4 |    6999 |    4155 |  37.3 |      23 |      18 |  43.9
     Lair:5 |    7080 |    5282 |  42.7 |      21 |      11 |  34.4
     Lair:6 |   10393 |    7954 |  43.4 |      43 |      22 |  33.8
   Shoals:1 |   18733 |    2053 |   9.9 |      41 |       1 |   2.4
   Shoals:2 |    8851 |       0 |   0.0 |      20 |       0 |   0.0
   Shoals:3 |   13501 |     827 |   5.8 |      30 |       4 |  11.8
   Shoals:4 |   10874 |   23166 |  68.1 |      25 |      34 |  57.6
   Spider:1 |   13623 |    4153 |  23.4 |      39 |       9 |  18.8
   Spider:2 |    8546 |    2737 |  24.3 |      28 |       1 |   3.4
   Spider:3 |   11875 |    7845 |  39.8 |      46 |      16 |  25.8
   Spider:4 |   14342 |   21387 |  59.9 |      48 |      39 |  44.8
      Orc:1 |    3389 |      17 |   0.5 |      34 |       6 |  15.0
      Orc:2 |    1423 |    6217 |  81.4 |      19 |      28 |  59.6
      Elf:1 |   21911 |    7371 |  25.2 |      40 |      13 |  24.5
      Elf:2 |   16592 |   22066 |  57.1 |      32 |      27 |  45.8
      Elf:3 |   14556 |   37552 |  72.1 |      23 |      29 |  55.8
   Vaults:1 |   34656 |   20659 |  37.3 |      86 |      49 |  36.3
   Vaults:2 |   32961 |   20781 |  38.7 |      63 |      35 |  35.7
   Vaults:3 |   34096 |   19456 |  36.3 |      43 |      25 |  36.8
   Vaults:4 |   47286 |   43989 |  48.2 |      68 |      44 |  39.3
   Vaults:5 |       0 |     928 | 100.0 |       0 |       1 | 100.0
   Depths:1 |   25238 |    9443 |  27.2 |      47 |      10 |  17.5
   Depths:2 |   34424 |   28261 |  45.1 |      50 |      26 |  34.2
   Depths:3 |   25827 |   18154 |  41.3 |      40 |       7 |  14.9
   Depths:4 |   35608 |   27263 |  43.4 |      50 |      31 |  38.3
   Depths:5 |   33410 |   44402 |  57.1 |      43 |      43 |  50.0
    Ossuary |       0 |     247 | 100.0 |       0 |      16 | 100.0
     Bailey |       0 |     908 | 100.0 |       0 |      26 | 100.0
      IceCv |       0 |    3078 | 100.0 |       0 |      24 | 100.0
            +---------+---------+-------+---------+---------+-------
